 Dungeon Sprint DCSS version 0.19-a0-1442-g3b32ff5 (webtiles) character file.

244 poirepourri the Fighter (level 6, -1/50 HPs)
             Began as a Gargoyle Fighter on Sept 5, 2016.
             Was a Follower of Cheibriados.
             Slain by a death cob (5 damage)
             ... in the Dungeon (Sprint V: "Ziggurat Sprint").
             The game lasted 00:01:52 (231 turns).

poirepourri the Fighter (Gargoyle Fighter)           Turns: 231, Time: 00:01:52

Health: -1/50      AC: 30    Str: 28    XL:     6   Next: 10%
Magic:  6/6        EV:  0    Int: 11    God:    Cheibriados [*.....]
Gold:   0          SH: 28    Dex: 18    Spells: 0 memorised, 5 levels left

rFire  . . .     SeeInvis .     a - +6 shillelagh "Devastator" {shatter}
rCold  . . .     Gourm    .     L - +15 Maxwell's patent armour {-Cast -Tele rElec MR+ rCorr}
rNeg   + + .     Faith    .     M - +18 shield of the Gong {rElec rN+ MR+ EV-5}
rPois  ∞         Spirit   .     (no helmet)
rElec  +         Dismiss  .     (no cloak)
rCorr  +         Reflect  .     (no gloves)
MR     ++...     Harm     .     (no boots)
Stlth  .......... NoTele   +    (no amulet) NoCast +
                                y - +6 ring of dexterity
                                D - +6 ring of strength

@: very slow
A: negative energy resistance 1, electricity resistance, unbreathing,
petrification resistance, rot immunity, AC +4
a: Bend Time, Renounce Religion


You were in the Dungeon.
You worshipped Cheibriados.
Cheibriados was aware of your devotion.
You were very full.

You visited 1 branch

Inventory:

Hand Weapons
 a - the +6 shillelagh "Devastator" (weapon) {shatter}
   (You found it in the Dungeon)
 b - a +5 hand crossbow
Missiles
 P - 1000 bolts
Armour
 L - the +15 Maxwell's patent armour (worn) {-Cast -Tele rElec MR+ rCorr}
   (You found it in the Dungeon)

   It insulates you from electricity.
   It affects your resistance to hostile enchantments.
   It prevents spellcasting.
   It prevents most forms of teleportation.
   It protects you from acid and corrosion.
 M - the +18 shield of the Gong (worn) {rElec rN+ MR+ EV-5}
   (You found it in the Dungeon)

   It affects your evasion (-5).
   It insulates you from electricity.
   It protects you from negative energy.
   It affects your resistance to hostile enchantments.
 N - a +5 gold dragon armour
Jewellery
 y - a +6 ring of dexterity (right hand)
 A - a +6 ring of dexterity
 D - a +6 ring of strength (left hand)
 E - a +6 ring of strength
 J - an uncursed ring of flight
Wands
 F - a wand of disintegration (7/24)
 G - a wand of iceblast (5/15)
 H - a wand of lightning (5/15)
 I - a wand of acid (5/15)
Scrolls
 k - 4 scrolls of blinking
 q - 4 scrolls of amnesia
 r - 3 scrolls of recharging
 s - 7 scrolls of fog
 t - a scroll of holy word
 u - 5 scrolls of identify
 v - 5 scrolls of remove curse
 w - 2 scrolls of fear
Potions
 d - 6 potions of might
 e - 10 potions of curing
 g - 10 potions of heal wounds
 h - 6 potions of haste
 i - 7 potions of magic
 j - 3 potions of berserk rage
 l - 2 potions of brilliance
 m - 2 potions of invisibility
 n - 4 potions of resistance
 p - 5 potions of agility
Miscellaneous
 c - a sack of spiders
 K - a disc of storms
Comestibles
 f - 5 bread rations
 x - 42 fruits
 z - 3 meat rations


   Skills:
 + Level 11.7 Fighting
 + Level 7.5 Maces & Flails
 - Level 3.2 Armour
 + Level 0.7 Dodging
 - Level 3.2 Shields


You had 5 spell levels left.
You didn't know any spells.

Dungeon Overview and Level Annotations

Branches:
Dungeon (1/1)

Altars:
Ashenzari
Cheibriados
Dithmenos
Elyvilon
Fedhas
Gozag
Hepliaklqana
Kikubaaqudgha
Makhleb
Nemelex Xobeh
Okawaru
Qazlal
Ru
Sif Muna
Trog
Uskayaw
Vehumet
Xom
Yredelemnul
Zin
The Shining One
Beogh
Jiyva
Lugonu


Innate Abilities, Weirdness & Mutations

You are resistant to torment.
Your stone body is resilient. (AC +4)
You are immune to poison.
You resist negative energy. (rN+)
You are resistant to electric shocks. (rElec)
You can survive without breathing.
You are immune to petrification.
You are immune to rotting.


Message History

You miss the death cob. You block the death cob's attack.
BOUMMMMG!
The death cob hits you but does no damage.
Okay, then.
You sock the death cob!
The death cob, the white draconian and the draconian shudder.
The death cob is moderately damaged.
The white draconian is lightly wounded.
The death cob is moderately damaged.
You block the death cob's attack.
SHROANNG!
You block the death cob's attack.
BONNNG!
The white draconian breathes frost at you.
The chilling blast hits you!
Ouch! That really hurt!
* * * LOW HITPOINT WARNING * * *
The draconian hits you but does no damage.
The death cob hits you.
You die...

▓▓▓▓▓▓▓▓▓▓▓▓▓
▓.8©8.▓.8©8.▓
▓.|)}.▓.....▓
▓.....▓.)...▓
▓.....▓.....▓
▓.....▓..)..▓
▓.dzd.▓.....▓
▓..@..▓▓▓▓▓▓▓
▓▓▓▓▓▓▓


You could see a white draconian, a death cob and a draconian.

Vanquished Creatures
  A spriggan (D)
  A black bear (D)
2 creatures vanquished.

Notes
Turn   | Place    | Note
-------+----------+-------------------------------------------
     0 | D        | poirepourri the Gargoyle Fighter began the quest for the Orb.
     0 | D        | Reached XP level 1. HP: 14/14 MP: 1/1
     0 | D        | Found a deep blue altar of Sif Muna.
     0 | D        | Found a bloodstained altar of Trog.
     0 | D        | Found a sacrificial altar of Ru.
     0 | D        | Found a stormy altar of Qazlal.
     0 | D        | Found an iron altar of Okawaru.
     1 | D        | Found a sparkling altar of Nemelex Xobeh.
     1 | D        | Found a blossoming altar of Fedhas.
     3 | D        | Found an ancient bone altar of Kikubaaqudgha.
     3 | D        | Found a viscous altar of Jiyva.
     3 | D        | Found a corrupted altar of Lugonu.
     3 | D        | Found a hazy altar of Hepliaklqana.
     3 | D        | Found a burning altar of Makhleb.
     3 | D        | Found an opulent altar of Gozag.
    57 | D        | Became a worshipper of Cheibriados the Contemplative
   191 | D        | Reached skill level 6 in Fighting
   191 | D        | Reached skill level 5 in Maces & Flails
   191 | D        | Reached XP level 2. HP: 23/23 MP: 2/2
   213 | D        | Entered arena 1.
   213 | D        | Noticed a spriggan
   213 | D        | Noticed a black bear
   217 | D        | Killed a spriggan
   217 | D        | Reached skill level 10 in Fighting
   217 | D        | Reached XP level 3. HP: 33/33 MP: 3/3
   217 | D        | Reached XP level 4. HP: 39/39 MP: 4/4
   217 | D        | Reached XP level 5. HP: 43/43 MP: 5/5
   217 | D        | Killed a black bear
   217 | D        | Reached * piety under Cheibriados
   217 | D        | Reached skill level 11 in Fighting
   217 | D        | Reached XP level 6. HP: 50/50 MP: 6/6
   227 | D        | Entered arena 2.
   227 | D        | Noticed a white draconian
   227 | D        | Noticed a death cob
   227 | D        | Noticed a draconian
   231 | D        | Slain by a death cob

Vault maps used:
D:        sprint_v

Skill      XL: |  1  2  3  4  5 |
---------------+----------------+-----
Fighting       | 6 10 11 | 11.7
Maces & Flails | 5 7 |  7.5
Armour         | |  3.2
Dodging        | |  0.7
Shields        | |  3.2

Action                   |  1- 3 |  4- 6 || total
-------------------------+-------+-------++-------
Melee: Shillelagh        |     4 |     4 ||     8
  Use: Potion            |     1 |       ||     1
  Eat: Meat ration       |     1 |       ||     1
Armor: Plate armour      |     7 |     3 ||    10
Block: Shield            |     6 |     6 ||    12
